 Dungeon Crawl Stone Soup version 0.32-a0-42-ga30500b4d3 (webtiles) character file.

Game seed: 7233625865481698307

61705 cforsyth the Warrior (level 15, -5/127 HPs)
             Began as a Djinni Reaver on Jan 28, 2024.
             Was an Initiate of Yredelemnul.
             Killed from afar by a kobold blastminer (36 damage)
             ... with an iron shot
             ... on level 1 of the Orcish Mines on Jan 29, 2024.
             The game lasted 01:23:22 (30719 turns).

cforsyth the Warrior (Djinni Reaver)               Turns: 30719, Time: 01:23:22

Health: -5/127     AC: 17    Str: 11    XL:     15   Next: 43%
Gold:   1551       EV: 12    Int: 22    God:    Yredelemnul [......] SH:  0 Dex: 12

rFire   + + .        a - +5 rapier (protect)
rCold   . . .        v - orb {light}
rNeg    . . .        X - +2 robe {Will+}
rPois   ∞            (no helmet)
rElec   .            B - +0 cloak
rCorr   .            u - +0 pair of gloves {infuse}
SInv    .            (boots unavailable)
Will    ++...        (no amulet)
Stlth   +            n - +4 ring of protection
HPRegen 0.41/turn    M - ring of protection from cold
MPRegen 0.00/turn

%: infuse magic (-6 HP)
@: under a protective aura, flying, glowing
A: sickness immunity, fire resistance 2, cold vulnerability 1, float, innate
caster, HP casting, extra vitality 1
a: Renounce Religion, Recall Undead Harvest


You were on level 1 of the Orcish Mines.
You worshipped Yredelemnul.
Yredelemnul was noncommittal.
You visited 4 branches of the dungeon, and saw 19 of its levels.
You also visited: Ossuary and Bailey.

You collected 2371 gold pieces.
You spent 820 gold pieces at shops.

Inventory:

Hand Weapons
 a - a +5 rapier of protection (weapon)
 m - a +1 falchion of draining
 t - a +4 scythe of freezing
 G - a +2 broad axe
 V - the +0 whip "Goxkygesef" {flame, rElec rPois Str-3 Dex+3}
   (You found it on level 5 of the Lair of Beasts)

   Str-3:     It affects your strength (-3).
   Dex+3:     It affects your dexterity (+3).
   rElec:     It insulates you from electricity.
   rPois:     It protects you from poison
Armour
 b - a +0 leather armour
 u - a +0 pair of gloves of infusion (worn)
 v - an orb of light (worn)
 B - a +0 cloak (worn)
 D - a +1 buckler of reflection
 X - a +2 robe of willpower (worn)
Magical Staves
 x - a staff of cold
Jewellery
 n - a +4 ring of protection (left hand)
 r - a ring of willpower
 M - a ring of protection from cold (right hand)
 Q - a ring of resist corrosion
 W - a ring of positive energy
Wands
 o - a wand of charming (23)
 s - a wand of iceblast (17)
 y - a wand of mindburst (11)
 I - a wand of polymorph (4)
 J - a wand of flame (37)
 O - a wand of digging (10)
 U - a wand of light (4)
Scrolls
 c - 4 scrolls of teleportation
 f - 2 scrolls of silence
 j - 3 scrolls of blinking
 w - 3 scrolls of fog
 z - 7 scrolls of revelation
 A - 8 scrolls of identify
 C - a scroll of butterflies
 E - 6 scrolls of fear
 L - a scroll of enchant armour {unknown}
 N - 4 scrolls of vulnerability
 R - 2 scrolls of immolation
Potions
 d - 5 potions of enlightenment
 e - 11 potions of curing
 g - 3 potions of ambrosia
 h - 3 potions of cancellation
 i - 4 potions of brilliance
 k - 11 potions of heal wounds
 l - 4 potions of might
 p - 5 potions of attraction
 q - 2 potions of invisibility
 F - 4 potions of mutation
 H - 4 potions of haste
 K - a potion of resistance
 T - 3 potions of lignification
Miscellaneous
 P - a phial of floods
 S - a phantom mirror


   Skills:
 + Level 18.7 Fighting
 - Level 2.6 Short Blades
 - Level 2.1 Dodging
 + Level 14.5 Spellcasting
 + Level 14.5 Conjurations
 + Level 14.5 Hexes
 + Level 14.5 Summonings
 + Level 14.5 Necromancy
 + Level 14.5 Translocations
 + Level 14.5 Fire Magic
 + Level 14.5 Ice Magic
 + Level 14.5 Air Magic
 + Level 14.5 Earth Magic
 + Level 14.5 Alchemy


You knew the following spells:

 Your Spells              Type           Power      Damage    Failure   Level
a - Kiss of Death         Conj/Necr      100%       2d13      0%          1
b - Momentum Strike       Conj/Tloc      100%       3d10      0%          2
c - Hailstorm             Conj/Ice       68%        3d12      1%          3
d - Shock                 Conj/Air       100%       1d9       0%          1
e - Static Discharge      Conj/Air       100%       3-8/arc   0%          2
f - Mercury Vapours       Alch/Air       100%       N/A       0%          2
g - Call Canine Familiar  Summ           68%        N/A       1%          3
h - Silence               Hex/Air        34%        N/A       1%          5
i - Metabolic Englaciati  Hex/Ice        34%        N/A       1%          5
j - Sculpt Simulacrum     Ice/Alch       34%        N/A       1%          6
Your spell library was empty.

Dungeon Overview and Level Annotations

Branches:
Dungeon (12/15)            Temple (1/1) D:6            Lair (5/5) D:11
 Shoals (0/4) Lair:3       Spider (0/4) Lair:3        Slime (0/5) Lair:5
    Orc (1/2) D:10        Ossuary (visited)          Bailey (visited)

Altars:
Ashenzari
Cheibriados
Dithmenos
Elyvilon
Fedhas
Gozag
Hepliaklqana
Makhleb
Nemelex Xobeh
Okawaru
Qazlal
Ru
Trog
Uskayaw
Wu Jian
Xom
Yredelemnul
Zin
The Shining One
Jiyva

Shops:
D:7 !!   D:11 (

Annotations:
D:10 exclusion: orange crystal statue
Lair:4 2 transporters, Ozorab's ghost, journeyman NaHs


Innate Abilities, Weirdness & Mutations

You are immune to sickness and miasma.
You are immune to poison.
Your flesh is very heat resistant. (rF++)
You are vulnerable to cold. (rC-)
You float through the air rather than walking.
You learn spells naturally, not from books.
Your magical power is your life essence.
You have superior vitality. (+4 MHP)


Message History

Your ogre zombie hits the ogre.
The ogre hits your ogre zombie with a +0 giant club!
You puncture the orc!
Your weapon exudes an aura of protection.
You kill the orc!
The kobold blastminer shoots a bolt.
The bolt hits your orc warrior zombie!
Your ogre zombie hits the ogre!
The ogre hits your ogre zombie with a +0 giant club.
Your orc warrior zombie hits the ogre.
The kobold blastminer is no longer moving slowly.
The kobold blastminer blasts its cannon at you.
The iron shot hits your orc warrior zombie!!
The kobold blastminer is knocked back by the blast.
The ogre hits your ogre zombie with a +0 giant club!
Your ogre zombie is destroyed!
Found 29 gold pieces.
The ogre is no longer weakened.
The kobold blastminer unwields a +0 arbalest.
The kobold blastminer hits your orc warrior zombie!
Your orc warrior zombie is destroyed!
You puncture the ogre!
Your weapon exudes an aura of protection.
You kill the ogre!
The kobold blastminer bats away at the thin smoke enveloping its cannon.
The kobold blastminer blasts its cannon at you.
The iron shot hits you!!
Things that are here:
a +0 giant club; a +0 whip The kobold blastminer barely misses you.
* * * LOW HITPOINT WARNING * * *
You hit the kobold blastminer but do no damage.
Your weapon exudes an aura of protection.
The kobold blastminer is moderately wounded.
The kobold blastminer hits you!
* * * LOW HITPOINT WARNING * * *
You barely miss the kobold blastminer.
The kobold blastminer is moderately wounded.
The kobold blastminer blasts its cannon at you.
The iron shot hits you!!!
You die...
Your body becomes fuel for the black torch.

.... #.##...
#...##........
.....#..$....# .
............#..
..###..............
...................
#......K..$#.......
.......@.........#
........)).)...##
#.........)....$#
#.........><....#
...#...............
#.................#
.#.##...........#..
.............#....
.................


You could see a kobold blastminer.

Vanquished Creatures
  An orc warlord (Bailey)
  A hydra (Lair:3)
  A catoblepas (Lair:5)
  3 two-headed ogres
  2 boulder beetles
  A death yak (Lair:2)
  A skyshark (Lair:5)
  Lodul (D:10)
  An ugly thing (D:12)
  A manticore (D:10)
  2 cyclopes
  An elephant (Lair:2)
  4 black mambas
  5 cane toads
  An orange demon (D:11)
  2 gargoyles
  An unseen horror (D:11)
  A kobold demonologist (D:12)
  2 komodo dragons
  A rime drake (Lair:1)
  A troll (D:12)
  A hornet (D:10)
  6 blink frogs
  Sigmund (D:6)
  A slime creature (D:12)
  3 wyverns
  17 yaks
  A steam dragon (D:7)
  An acid dragon (D:12)
  9 water moccasins
  2 black bears
  4 ice beasts
  10 orc warriors
  2 wolves
  3 ogres
  7 centaurs
  3 phantoms
  4 bullfrogs
  4 kobold brigands
  2 gnoll sergeants
  A scorpion (D:4)
  5 wights
  A howler monkey (D:10)
  11 electric eels
  5 lava snakes
  A jelly (D:5)
  2 centaur zombies (Ossuary)
  3 hounds
  6 orc priests
  2 iguanas
  2 sleepcaps
  8 orc wizards
  2 hell rats (Lair:3)
  4 crocodile zombies (Ossuary)
  3 mummies (Ossuary)
  6 gnolls
  6 adders
  A shadow imp (D:7)
  2 white imps (D:7)
  An ufetubus (D:6)
  An adder skeleton (D:3)
  3 dart slugs
  47 orcs
  13 bats
  3 endoplasms
  6 giant cockroaches
  3 gnoll zombies (Ossuary)
  10 goblins
  12 hobgoblins
  6 jackals
  24 kobolds
  4 quokkas
  4 ball pythons
  A ball python zombie (D:3)
  4 frilled lizards
  A kobold zombie (Ossuary)
  A quokka zombie (D:3)
  10 rats
340 creatures vanquished.

Vanquished Creatures (collateral kills)
  A dire elephant (Lair:5)
  An ogre mage (D:10)
  A catoblepas (Lair:5)
  A deep troll shaman (Lair:5)
  A two-headed ogre (D:12)
  11 death yaks
  A tengu warrior (D:10)
  Nergalle (Lair:1)
  A deep elf pyromancer (D:10)
  An ugly thing (D:12)
  2 manticores (Lair:3)
  A cyclops (D:10)
  9 elephants
  7 black mambas
  5 cane toads
  4 orange demons (D:11)
  A komodo dragon (shapeshifter) (D:10)
  2 rime drakes
  A tengu conjurer (D:10)
  A red devil (D:11)
  A troll (D:10)
  9 komodo dragons
  3 polar bears
  13 blink frogs
  3 slime creatures (D:12)
  5 wyverns
  30 yaks
  A vampire (D:10)
  2 basilisks
  Menkaure (D:3)
  5 acid dragons
  6 water moccasins
  Duvessa (D:7)
  4 orc warriors
  3 black bears
  13 wolves
  5 ogres (D:10)
  A boggart (D:10)
  A centaur (D:11)
  A kobold brigand (D:11)
  4 bullfrogs
  Dowan (D:7)
  A lava snake (Lair:1)
  A hound (D:6)
  Crazy Yiuf (D:6)
  An orc priest (D:10)
  5 hell rats (Lair:3)
  2 shadow imps
  An ufetubus (D:6)
  3 orcs
  3 kobolds (D:10)
  A butterfly (D:6)
185 creatures vanquished.

Vanquished Creatures (others)
  A catoblepas zombie (Lair:5)
  2 death yak zombies (Lair:5)
  4 black mamba zombies
  A spectral orange demon (D:11)
  A two-headed ogre zombie (D:10)
  4 cane toad zombies
  An elf zombie (D:10)
  2 blink frog zombies (Lair:5)
  3 elephant zombies (Lair:5)
  A manticore zombie (D:10)
  3 komodo dragon zombies
  A cyclops zombie (D:10)
  4 wyvern zombies
  5 water moccasin zombies
  8 yak zombies
  4 wolf zombies
  4 bullfrog zombies
  3 centaur zombies
  A black bear zombie (Lair:3)
  A basilisk zombie (D:12)
  3 ogre zombies
  An acid dragon zombie (D:12)
  5 kobold zombies
  A gnoll (D:3)
  4 hell rat zombies (Lair:3)
  A gnoll zombie (D:10)
  8 orc zombies
77 creatures vanquished.

Grand Total: 602 creatures vanquished

Notes
Turn   | Place    | Note
-------+----------+-------------------------------------------
     0 | D:1      | cforsyth the Djinni Reaver began the quest for the Orb.
     0 | D:1      | cforsyth set off with the following spells memorised: Kiss
                  | of Death, Momentum Strike, Hailstorm.
     0 | D:1      | Reached XP level 1. HP: 18/18 MP: 0/0
   138 | D:1      | Reached XP level 2. HP: 23/23 MP: 0/0
   426 | D:1      | Reached XP level 3. HP: 29/29 MP: 0/0
   426 | D:1      | Learned a level 1 spell: Shock
   990 | D:2      | Found a faded altar of an unknown god.
  1082 | D:2      | Reached skill level 3 in Fighting
  1189 | D:2      | Reached XP level 4. HP: 32/35 MP: 0/0
  1662 | D:3      | Found a hide-covered altar of Uskayaw.
  1888 | D:3      | Found a transporter.
  1894 | D:3      | Noticed Menkaure
  1919 | D:3      | Found a basalt altar of Yredelemnul.
  1983 | D:3      | Found a transporter.
  2229 | D:3      | Reached XP level 5. HP: 10/41 MP: 0/0
  2229 | D:3      | Learned a level 2 spell: Static Discharge
  2682 | D:4      | Reached skill level 4 in Fighting
  3347 | D:4      | Reached XP level 6. HP: 38/48 MP: 0/0
  3631 | D:4      | Reached skill level 5 in Fighting
  3712 | D:5      | Entered Level 5 of the Dungeon
  3823 | D:5      | Reached XP level 7. HP: 27/54 MP: 0/0
  3823 | D:5      | Learned a level 2 spell: Mercury Vapours
  4019 | D:5      | Reached skill level 5 in Spellcasting
  4019 | D:5      | Reached skill level 5 in Conjurations
  4019 | D:5      | Reached skill level 5 in Hexes
  4019 | D:5      | Reached skill level 5 in Summonings
  4019 | D:5      | Reached skill level 5 in Necromancy
  4019 | D:5      | Reached skill level 5 in Translocations
  4019 | D:5      | Reached skill level 5 in Fire Magic
  4019 | D:5      | Reached skill level 5 in Ice Magic
  4019 | D:5      | Reached skill level 5 in Air Magic
  4019 | D:5      | Reached skill level 5 in Earth Magic
  4019 | D:5      | Reached skill level 5 in Alchemy
  4226 | D:5      | Reached skill level 6 in Fighting
  4411 | D:5      | Reached XP level 8. HP: 53/61 MP: 0/0
  5176 | D:6      | Noticed Sigmund
  5180 | D:6      | Killed Sigmund
  5282 | D:6      | Found a staircase to the Ecumenical Temple.
  5361 | D:6      | Found a sand-covered staircase.
  5368 | Ossuary  | Entered an ossuary
  5375 | Ossuary  | Reached skill level 7 in Fighting
  6141 | Temple   | Entered the Ecumenical Temple
  6364 | D:6      | Reached XP level 9. HP: 27/70 MP: 0/0
  6364 | D:6      | Learned a level 3 spell: Call Canine Familiar
  6644 | D:6      | Reached skill level 8 in Fighting
  6766 | D:6      | Found a blossoming altar of Fedhas.
  7065 | D:6      | Found a runed translucent door.
  7066 | D:6      | Noticed Crazy Yiuf
  7118 | D:6      | Killed Crazy Yiuf
  7330 | D:3      | Killed Menkaure
  7470 | D:7      | Identified a scroll of acquirement
  7470 | D:7      | Acquired a staff of cold
  7534 | D:7      | Found Wumepti's Distillery.
  7576 | D:7      | Found Kuaguirowk's Distillery.
  7586 | D:7      | Bought a potion of degeneration for 13 gold pieces
  7741 | D:7      | Found a flagged portal.
  7765 | Bailey   | Entered a bailey
  7909 | Bailey   | Noticed an orc warlord
  8043 | Bailey   | Reached skill level 9 in Fighting
  8219 | Bailey   | Found a runed translucent gate.
  8222 | Bailey   | Found a runed translucent gate.
  8230 | Bailey   | Found a runed translucent gate.
  8401 | Bailey   | Killed an orc warlord
  8402 | Bailey   | Reached skill level 10 in Fighting
  8402 | Bailey   | Reached XP level 10. HP: 49/80 MP: 0/0
  8546 | Bailey   | Acquired 913 gold pieces
  8629 | D:7      | Bought a potion of invisibility for 104 gold pieces
  8629 | D:7      | Bought a potion of mutation for 104 gold pieces
  8629 | D:7      | Bought a potion of heal wounds for 65 gold pieces
  8629 | D:7      | Bought a potion of curing for 39 gold pieces
  8629 | D:7      | Bought a potion of might for 52 gold pieces
  8657 | D:7      | Bought a potion of haste for 150 gold pieces
  8657 | D:7      | Bought a potion of heal wounds for 75 gold pieces
  9213 | D:7      | Noticed Duvessa
  9269 | D:7      | Killed Duvessa
  9480 | D:7      | Noticed Dowan
  9482 | D:7      | Killed Dowan
 10184 | D:8      | Reached skill level 11 in Fighting
 10711 | D:8      | You are sucked into a shaft and drop 3 floors!
 10723 | D:11     | Noticed an orange demon
 10723 | D:11     | Noticed an orange demon
 10728 | D:11     | Noticed an orange demon
 10728 | D:11     | Noticed an orange demon
 10776 | D:11     | Noticed a komodo dragon
 10787 | D:11     | Killed a komodo dragon
 10817 | D:11     | Noticed an orange demon
 10835 | D:11     | Killed an orange demon
 10836 | D:11     | Reached XP level 11. HP: 74/87 MP: 0/0
 10836 | D:11     | Learned a level 5 spell: Silence
 10935 | D:10     | Entered Level 10 of the Dungeon
 11301 | D:9      | Noticed a two-headed ogre
 11310 | D:9      | Killed a two-headed ogre
 11311 | D:9      | Reached skill level 12 in Fighting
 12692 | D:9      | Found a sacrificial altar of Ru.
 12701 | D:9      | Found a bloodstained altar of Trog.
 12755 | D:9      | Noticed a centaur warrior
 13208 | D:3      | Became a worshipper of Yredelemnul the Dark
 13407 | D:10     | Reached * piety under Yredelemnul
 13532 | D:10     | Noticed an orange crystal statue
 13653 | D:10     | Found a burning altar of Makhleb.
 13695 | D:10     | Found a staircase to the Orcish Mines.
 13924 | D:10     | Noticed Lodul
 14331 | D:10     | Noticed a cyclops
 14334 | D:10     | Noticed a tengu warrior
 14455 | D:10     | Noticed a two-headed ogre
 14486 | D:10     | Killed a two-headed ogre
 14487 | D:10     | Reached skill level 10 in Spellcasting
 14487 | D:10     | Reached skill level 10 in Conjurations
 14487 | D:10     | Reached skill level 10 in Hexes
 14487 | D:10     | Reached skill level 10 in Summonings
 14487 | D:10     | Reached skill level 10 in Necromancy
 14487 | D:10     | Reached skill level 10 in Translocations
 14487 | D:10     | Reached skill level 10 in Fire Magic
 14487 | D:10     | Reached skill level 10 in Ice Magic
 14487 | D:10     | Reached skill level 10 in Air Magic
 14487 | D:10     | Reached skill level 10 in Earth Magic
 14487 | D:10     | Reached skill level 10 in Alchemy
 14760 | D:10     | Noticed an ogre mage
 14764 | D:10     | Killed an ogre mage
 14765 | D:10     | Reached skill level 13 in Fighting
 14820 | D:10     | Reached ** piety under Yredelemnul
 15105 | D:10     | Noticed a cyclops
 15121 | D:10     | Killed a cyclops
 15122 | D:10     | Reached XP level 12. HP: 79/98 MP: 0/0
 15214 | D:10     | Reached *** piety under Yredelemnul
 15629 | D:10     | Noticed a boulder beetle
 15730 | D:10     | Noticed a two-headed ogre
 15738 | D:10     | Killed a two-headed ogre
 16387 | D:10     | Killed a boulder beetle
 16388 | D:10     | Reached skill level 14 in Fighting
 16578 | D:10     | Killed Lodul
 16626 | D:10     | Killed a tengu warrior
 16629 | D:10     | Reached **** piety under Yredelemnul
 18064 | D:11     | Found Esosti's Antique Weapon Emporium.
 18070 | D:11     | Bought a warped great mace for 218 gold pieces
 18070 | D:11     | Identified the +11 great mace "Zosmabodd" {holy, rN+ SInv}
                  | (You bought it in a shop on level 11 of the Dungeon)
 18092 | D:11     | Found a staircase to the Lair.
 18124 | D:11     | Noticed a boulder beetle
 18143 | D:11     | Killed a boulder beetle
 18495 | D:11     | Reached XP level 13. HP: 52/106 MP: 0/0
 18495 | D:11     | Learned a level 5 spell: Metabolic Englaciation
 19035 | D:12     | Reached skill level 15 in Fighting
 19277 | D:12     | Identified the +1 robe of Distral {Harm Stlth+}
 19342 | D:12     | Reached ***** piety under Yredelemnul
 19615 | D:12     | Reached ****** piety under Yredelemnul
 19871 | D:12     | Identified the +6 halberd "Pizyt" {distort, ^Fragile Str+2
                  | Int+6}
 20140 | Lair:1   | Entered Level 1 of the Lair of Beasts
 20332 | Lair:1   | Noticed Nergalle
 20346 | Lair:1   | Killed Nergalle
 20798 | Lair:1   | Reached skill level 16 in Fighting
 23754 | Lair:2   | Reached XP level 14. HP: 102/117 MP: 0/0
 25323 | Lair:3   | Reached skill level 17 in Fighting
 25809 | Lair:3   | Found a hole to the Spider Nest.
 26029 | Lair:3   | Found a staircase to the Shoals.
 26454 | Lair:4   | Found a transporter.
 27229 | Lair:4   | Noticed Ozorab's ghost (journeyman NaHs)
 27232 | Lair:4   | Found a transporter.
 27808 | Lair:5   | Entered Level 5 of the Lair of Beasts
 27956 | Lair:5   | Reached skill level 18 in Fighting
 28038 | Lair:5   | Reached XP level 15. HP: 32/126 MP: 0/0
 28038 | Lair:5   | Learned a level 6 spell: Sculpt Simulacrum
 28377 | Lair:5   | Identified the +0 whip "Goxkygesef" {flame, rElec rPois
                  | Str-3 Dex+3}
 28443 | Lair:5   | Found a staircase to the Slime Pits.
 28444 | Lair:5   | Found a viscous altar of Jiyva.
 29037 | Lair:5   | Identified the staff of Xamnya {rN+ Will- Str+2 Conj}
 30694 | Orc:1    | Entered Level 1 of the Orcish Mines
 30719 | Orc:1    | Killed from afar by a kobold blastminer

Illustrated notes

Levels and vault maps discovered:
D:1:      dpeg_arrival_snail, layout_basic
D:2:      layout_basic, chequers_ecumenical_altar_simple_redux,
          minmay_misc_feat_room
D:3:      layout_basic, lemuel_doored_altar, gammafunk_temple_of_torment
D:4:      layout_loops_cross, st_stairs_7, minmay_fountain_box, roderic_batcave
D:5:      layout_cave_pods, kennysheep_generic_room_9
D:6:      layout_cave_pools, fedhas_bush_and_centaur_altar,
          minmay_temple_entry_butterflies, chequers_ossuary_entry_cave,
          corexii_hall_statues_x, uniq_crazy_yiuf_cottage, uniq_sigmund
D:7:      layout_basic, enter_bailey_5, serial_shops,
          nicolae_shop_industrial_runoff, shop, kennysheep_path_1, uniq_duvessa
D:8:      layout_layer_cave
D:9:      layout_loops_cross, vehumet_crystals, mainiacjoe_overflow_swirl,
          grunt_tough_drop
D:10:     minmay_the_grid_four_pointed_star_mashed
          [minmay_the_grid_triangle_9x9_skeleton,
          minmay_the_grid_triangle_9x9_intruding_spiral,
          minmay_the_grid_triangle_9x9_from_above,
          minmay_the_grid_triangle_9x9_sprig, minmay_the_grid_prize_big_room],
          layout_basic, mainiacjoe_overflow_alcove_2, disabler_island,
          uniq_lodul
D:11:     layout_basic, minmay_lair_entry_grove, serial_shops, shop,
          minmay_beelzebubs_servants
D:12:     layout_long_grid
Temple:   minmay_temple_curvy_branch
Lair:1:   layout_gridlike, nicolae_lair_liquid_snakes, uniq_nergalle
Lair:2:   layout_gridlike
Lair:3:   cheibrodos_lair_river_kwai, layout_cave_pods,
          minmay_shoals_entry_beasts, dummy_spider_entry
Lair:4:   layout_long_grid, gammafunk_ghost_arena, kennysheep_catoblepas_arena
Lair:5:   grunt_lair_end_beastmaster, layout_hall_layers, slime_entry_1
Orc:1:    layout_caves, basic_altar, serial_shops, shop, bloody_makhleb,
          uniq_josephine

Skill      XL: |  1  2  3  4  5  6  7  8  9 10 11 12 13 14 |
---------------+-------------------------------------------+-----
Spellcasting   | 3 4 5 6 7 9 10 11 12 14 | 14.5
Conjurations   | 3 4 5 6 7 9 10 11 12 14 | 14.5
Hexes          | 3 4 5 6 7 9 10 11 12 14 | 14.5
Summonings     | 3 4 5 6 7 9 10 11 12 14 | 14.5
Necromancy     | 3 4 5 6 7 9 10 11 12 14 | 14.5
Translocations | 3 4 5 6 7 9 10 11 12 14 | 14.5
Fire Magic     | 3 4 5 6 7 9 10 11 12 14 | 14.5
Ice Magic      | 3 4 5 6 7 9 10 11 12 14 | 14.5
Air Magic      | 3 4 5 6 7 9 10 11 12 14 | 14.5
Earth Magic    | 3 4 5 6 7 9 10 11 12 14 | 14.5
Alchemy        | 3 4 5 6 7 9 10 11 12 14 | 14.5
Fighting       | 3 4 5 6 7 10 11 13 14 16 18 | 18.7
Short Blades   | |  2.6
Dodging        | |  2.1

Action                     |  1- 3 |  4- 6 |  7- 9 | 10-12 | 13-15 || total
---------------------------+-------+-------+-------+-------+-------++-------
  Melee: Short sword       |    56 |     4 |    84 |       |       ||   144
         Dagger            |     6 |       |       |       |       ||     6
         Rapier            |       |       |       |   133 |   348 ||   481
         Broad axe         |       |       |       |     6 |       ||     6
   Cast: Shock             |    33 |   148 |   203 |   230 |    38 ||   652
         Momentum Strike   |       |     1 |    19 |    34 |    34 ||    88
         Static Discharge  |       |     1 |     7 |     4 |       ||    12
         Hailstorm         |       |       |    17 |    35 |     9 ||    61
         Mercury Vapours   |       |       |     5 |    11 |    20 ||    36
         Call Canine Famil |       |       |     9 |    90 |    70 ||   169
         Metabolic Englaci |       |       |       |       |    84 ||    84
         Kiss of Death     |       |       |       |       |     1 ||     1
         Silence           |       |       |       |       |     1 ||     1
         Sculpt Simulacrum |       |       |       |       |     1 ||     1
 Invoke: Recall Undead Har |       |       |       |     2 |     2 ||     4
         Dark Bargain      |       |       |       |     2 |       ||     2
  Evoke: Wand              |       |     1 |       |    26 |     7 ||    34
    Use: Scroll            |       |     5 |    11 |     5 |     9 ||    30
         Potion            |       |       |       |     1 |       ||     1
   Stab: Distracted        |       |       |       |     3 |    10 ||    13
 Armour: Leather armour    |    25 |    28 |   123 |   237 |   292 ||   705
         Robe              |       |       |       |       |    55 ||    55
  Dodge: Dodged            |    34 |    29 |    89 |   130 |   201 ||   483

Table legend: (Time is in decaauts)
 A = Elapsed time spent in this place.
 B = Non-inter-level travel time spent in this place.
 C = Inter-level travel time spent in this place.
 D = Time resting spent in this place.
 E = Time spent auto-exploring this place.
 F = Levels seen in this place.
 G = Mean time per level.
                   A        B        C        D        E       F      G
               +--------+--------+--------+--------+--------+-----+--------+
         Total |  30756 |  29355 |   1401 |   7090 |  16208 |  21 | 1464.6 |
       Dungeon |  18424 |  17276 |   1148 |   3118 |  10574 |  12 | 1535.3 |
        Temple |    206 |    206 |      0 |    197 |      0 |   1 |  206.0 |
          Lair |  10545 |  10294 |    251 |   3269 |   5136 |   5 | 2109.0 |
  Orcish Mines |     24 |     24 |      0 |      0 |      0 |   1 |   24.0 |
       Ossuary |    727 |    727 |      0 |    390 |     89 |   1 |  727.0 |
        Bailey |    826 |    826 |      0 |    116 |    409 |   1 |  826.0 |
               +--------+--------+--------+--------+--------+-----+--------+

Top non-repeatable levels by time:
    D:10: 4394 daAuts
  Lair:2: 3118 daAuts
  Lair:5: 2117 daAuts
     D:7: 2002 daAuts
  Lair:4: 1995 daAuts
  Lair:3: 1718 daAuts
     D:9: 1646 daAuts
  Lair:1: 1596 daAuts
    D:11: 1354 daAuts
     D:5: 1303 daAuts
     D:3: 1248 daAuts
     D:4: 1194 daAuts
     D:6: 1181 daAuts
     D:8: 1167 daAuts
    D:12: 1112 daAuts
